 Dungeon Crawl Stone Soup version 0.30-a0-737-gf23d94013f (webtiles) character file.

Game seed: 7409819061997666551

2201830 screamidelica the Executioner (level 26, 259/259 HPs)
             Began as a Minotaur Fighter on Jan 31, 2023.
             Was an Initiate of Gozag.
             Escaped with the Orb
             ... and 4 runes on Feb 2, 2023!
             The game lasted 04:33:26 (75807 turns).

screamidelica the Executioner (Minotaur Fighter)   Turns: 75807, Time: 04:33:27

Health: 259/259    AC: 24    Str: 29    XL:     26   Next: 50%
Magic:  8/29       EV: 16    Int:  6    God:    Gozag
Gold:   3519       SH: 39    Dex: 14    Spells: 35/35 levels left

rFire   + + +      SeeInvis .    b - +6 broad axe (vamp)
rCold   + . .      Faith    .    F - +10 tower shield of Ignorance {rN+ Int-4}
rNeg    + . .      Spirit   .    J - +1 chain mail "Veyfusal" {rElec rPois rF+++ Will-}
rPois   +          Reflect  +    m - +2 hat "Fappap" {Str+2}
rElec   +          Harm     .    j - +1 cloak of Caakh {Will++ rCorr Int+3 Stlth-}
rCorr   +          Rampage  .    q - +3 Mad Mage's Maulers {Infuse+∞ VampMP -Cast}
Will    ++++.      NoCast   +    X - +2 pair of boots {Fly} Stlth
                                 l - amulet of Hinymnof {Reflect Will+ SH+5}
HPRegen 0.63/turn                c - ring of protection from cold
MPRegen 0.21/turn                H - +4 ring of slaying

@: gold aura, flying, studying 2 skills
A: horns 2, retaliatory headbutt, talons 1, deformed body, fire resistance 1,
strong-willed 1
0: Orb of Zot
}: 4/15 runes: serpentine, barnacled, silver, abyssal
a: Renounce Religion, Potion Petition, Call Merchant, Bribe Branch


You escaped.
You worshipped Gozag.
Gozag was most pleased with you.
You visited 10 branches of the dungeon, and saw 49 of its levels.
You visited the Abyss 1 time.
You visited 1 bazaar.
You also visited: Sewer, Ossuary, Gauntlet, Ice Cave and Wizlab.

You collected 29459 gold pieces.
You spent 6093 gold pieces at shops.
You paid 19847 gold pieces to Gozag.

Inventory:

Hand Weapons
 a - a +9 heavy broad axe
 b - a +6 vampiric broad axe (weapon)
 O - a +2 broad axe of freezing
Missiles
 f - 62 boomerangs (quivered)
 u - 7 silver javelins
 z - 7 throwing nets
 S - 13 javelins
Armour
 j - the +1 cloak of Caakh (worn) {Will++ rCorr Int+3 Stlth-}
   (You found it in a Gauntlet)

   Int:       It affects your intelligence (+3).
   rCorr:     It protects you from acid and corrosion.
   Will:      It greatly increases your willpower.
   Stlth:     It makes you less stealthy.
 m - the +2 hat "Fappap" (worn) {Str+2}
   (You found it on level 3 of the Shoals)

   Str:       It affects your strength (+2).
 q - the +3 Mad Mage's Maulers (worn) {Infuse+∞ VampMP -Cast}
   (You found it on level 5 of the Vaults)

   Infuse+∞: It empowers its wearer's blows with all of their magic.
   VampMP:    Blows struck in melee replenish the wearer's magic.
   -Cast:     It prevents spellcasting.
 F - the +10 tower shield of Ignorance (worn) {rN+ Int-4}
   (You bought it in a shop on level 2 of the Dungeon)

   Int:       It affects your intelligence (-4).
   rN:        It protects you from negative energy.
 J - the +1 chain mail "Veyfusal" (worn) {rElec rPois rF+++ Will-}
   (You found it on level 7 of the Dungeon)

   rF:        It renders you almost immune to fire.
   rElec:     It insulates you from electricity.
   rPois:     It protects you from poison.
   Will:      It decreases your willpower.
 X - a +2 pair of boots of flying (worn)
Jewellery
 c - a ring of protection from cold (left hand)
 l - the amulet of Hinymnof (around neck) {Reflect Will+ SH+5}
   (You acquired it on level 4 of the Snake Pit)

   [amulet of reflection]

   It reflects blocked missile attacks.
   SH:        It affects your SH (+5).
   Will:      It increases your willpower.
 H - a +4 ring of slaying (right hand)
Wands
 g - a wand of mindburst (30)
 A - a wand of acid (10)
 E - a wand of flame (55)
 G - a wand of roots (20)
 K - a wand of digging (4)
 Y - a wand of charming (30)
 Z - a wand of polymorph (17)
Scrolls
 e - 6 scrolls of vulnerability
 i - 14 scrolls of noise
 k - 8 scrolls of poison
 s - 12 scrolls of fear
 x - 20 scrolls of teleportation
 y - 6 scrolls of summoning
 D - 10 scrolls of fog
 R - 6 scrolls of blinking
 U - 4 scrolls of silence
 V - 7 scrolls of immolation
Potions
 h - 9 potions of attraction
 o - 3 potions of haste
 p - a potion of cancellation
 r - 7 potions of lignification
 t - 15 potions of heal wounds
 v - 9 potions of might
 B - 5 potions of resistance
 C - 22 potions of curing {@q1}
 I - 8 potions of ambrosia
 P - 9 potions of mutation
 Q - 9 potions of berserk rage
Miscellaneous
 n - a phantom mirror
 w - a tin of tremorstones (2/2)
 L - a condenser vane
 M - a phial of floods
 N - a box of beasts


   Skills:
 + Level 25.6 Fighting
 + Level 26.0 Axes
 - Level 20.0 Throwing
 - Level 18.0 Armour
 - Level 15.0 Dodging
 + Level 25.6 Shields
 - Level 5.0 Spellcasting
 - Level 14.1 Evocations


You had 35 spell levels left.
You didn't know any spells.
Your spell library contained the following spells:

 Spells                   Type           Power      Damage    Failure   Level
 Apportation              Tloc           2%         N/A       71%         1
 Magic Dart               Conj           4%         1d3       71%         1
 Necrotise                Necr           4%         1d4       71%         1
 Sandblast                Erth           2%         2d4       71%         1
 Shock                    Conj/Air       4%         1d3       71%         1
 Summon Small Mammal      Summ           4%         N/A       71%         1
 Call Imp                 Summ           1%         N/A       83%         2
 Cigotuvi's Dreadful Rot  Necr/Pois/Air  2%         N/A       83%         2
 Lesser Beckoning         Tloc           2%         N/A       83%         2
 Passwall                 Tmut/Erth      0%         N/A       83%         2
 Poisonous Vapours        Pois/Air       2%         N/A       83%         2
 Scorch                   Fire           2%         2d5       83%         2
 Static Discharge         Conj/Air       2%         2-3/arc   83%         2
 Call Canine Familiar     Summ           1%         N/A       97%         3
 Gell's Gravitas          Tloc           1%         N/A       97%         3
 Hailstorm                Conj/Ice       1%         3d3       97%         3
 Ignite Poison            Fire/Tmut/Pois 1%         N/A       97%         3
 Mephitic Cloud           Conj/Pois/Air  1%         N/A       97%         3
 Ozocubu's Armour         Ice            1%         N/A       97%         3
 Portal Projectile        Hex/Tloc       2%         N/A       97%         3
 Stone Arrow              Conj/Erth      2%         3d7       97%         3
 Summon Guardian Golem    Hex/Summ       1%         N/A       97%         3
 Swiftness                Air            1%         N/A       97%         3
 Teleport Other           Tloc           1%         N/A       97%         3
 Vhi's Electric Charge    Tloc/Air       2%         N/A       97%         3
 Airstrike                Air            0%         2d(1-17)  100%        4
 Animate Armour           Summ/Erth      2%         N/A       100%        4
 Cause Fear               Hex            0%         N/A       100%        4
 Flame Wave               Conj/Fire      1%         2d4       100%        4
 Ice Form                 Ice/Tmut       1%         N/A       100%        4
 Leda's Liquefaction      Hex/Erth       0%         N/A       100%        4
 Manifold Assault         Tloc           1%         N/A       100%        4
 Passage of Golubria      Tloc           1%         N/A       100%        4
 Sticky Flame             Conj/Fire      1%         2d3       100%        4
 Summon Ice Beast         Ice/Summ       1%         N/A       100%        4
 Summon Lightning Spire   Summ/Air       1%         N/A       100%        4
 Arcjolt                  Conj/Air       0%         1d10      100%        5
 Iskenderun's Battlesphe  Conj           1%         2d6       100%        5
 Lightning Bolt           Conj/Air       0%         1d11      100%        5
 Silence                  Hex/Air        0%         N/A       100%        5
 Summon Forest            Summ/Tloc      0%         N/A       100%        5
 Summon Mana Viper        Hex/Summ       1%         N/A       100%        5
 Conjure Ball Lightning   Conj/Air       0%         3x3d6     100%        6
 Dispersal                Tloc           0%         N/A       100%        6
 Eringya's Noxious Bog    Tmut/Pois      0%         N/A       100%        6
 Iron Shot                Conj/Erth      0%         9d1       100%        6
 Summon Cactus Giant      Summ           0%         N/A       100%        6
 Dragon Form              Tmut           0%         N/A       100%        7
 Monstrous Menagerie      Summ           0%         N/A       100%        7
 Orb of Destruction       Conj           0%         9d5       100%        7
 Ozocubu's Refrigeration  Ice            0%         4d7       100%        7
 Spellforged Servitor     Conj/Summ      0%         N/A       100%        7
 Summon Hydra             Summ           0%         N/A       100%        7
 Borgnjor's Revivificati  Necr           0%         N/A       100%        8
 Disjunction              Tloc           0%         N/A       100%        8
 Ignition                 Fire           0%         3d3       100%        8
 Lehudib's Crystal Spear  Conj/Erth      0%         10d2      100%        8
 Necromutation            Tmut/Necr      0%         N/A       100%        8
 Chain Lightning          Conj/Air       0%         2d1       100%        9
 Death's Door             Necr           0%         N/A       100%        9
 Dragon's Call            Summ           0%         N/A       100%        9
 Fire Storm               Conj/Fire      0%         6d1       100%        9
 Shatter                  Erth           0%         3d5*      100%        9
 Simulacrum               Ice/Necr       Unusable   N/A       N/A         6

Dungeon Overview and Level Annotations

Branches:
Dungeon (15/15)            Temple (0/1) D:6            Lair (5/5) D:10
 Shoals (4/4) Lair:3        Snake (4/4) Lair:2        Slime (0/5) Lair:4
    Orc (2/2) D:9             Elf (3/3) Orc:2        Vaults (5/5) D:13
  Crypt (2/3) Vaults:3     Depths (4/4) D:15            Zot (5/5) Depths:4
  Sewer (visited)         Ossuary (visited)           IceCv (visited)
 WizLab (visited)         Gauntlet (visited)

Altars:
Dithmenos
Fedhas
Gozag
Hepliaklqana
Makhleb
Qazlal
Ru
Sif Muna
Trog
Vehumet
Xom
Zin
The Shining One
Jiyva

Shops:
D:2 [[   D:10 (   D:11 *?   Orc:2 (*[:   Elf:2 !   Shoals:1 *   Shoals:2 :[*([
Snake:1 :   Snake:2 ?   Snake:4 :   Vaults:1 [   Vaults:2 (   Vaults:5 *
Depths:1 *[[   Depths:3 :=:

Portals:
Hell: Lair:5 Depths:1 Depths:2 Depths:3 Depths:4
Abyss: Depths:1 Depths:2 Depths:3
Pandemonium: Depths:2*
Ziggurat: Depths:3

Annotations:
Lair:4 exclusion: 2 oklob plants
Orc:2 2 transporters, Pooter's ghost, journeyman MiFi
Elf:2 3 runed translucent doors


Innate Abilities, Weirdness & Mutations

You have a pair of horns on your head.
You reflexively headbutt those who attack you in melee.
You have sharp toenails.
Armour fits poorly on your strangely shaped body.
Your flesh is heat resistant. (rF+)
You are strong-willed. (Will+)


Message History

There is a stone staircase leading down here.
There is a stone staircase leading up here.
You fly upwards.
There is a stone staircase leading down here.
Your extra speed is starting to run out.
You feel yourself slow down.
A great orb of eyes comes into view.
There is a stone staircase leading up here.
You fly upwards.
There is a stone staircase leading down here.
You feel yourself speed up.
There is an open door here.
There is a stone staircase leading up here.
You fly upwards.
There is a stone staircase leading down here.
There is a stone staircase leading up here.
You fly upwards.
There is a stone staircase leading down here.
There is a stone staircase leading up here.
Your extra speed is starting to run out.
You fly upwards.
There is a stone staircase leading down here.
You see here a +0 leather armour.
You feel yourself slow down.
A sixfirhy comes into view.
You see here a +0 ring mail.
Aiming: Dig
Press: ? - help, Shift-Dir - straight line This square is covered in magical glow.
The rock shatters into small pieces.
Unknown command.
The sixfirhy barely misses you. You furiously retaliate!
You headbutt the sixfirhy, but do no damage.
You block the sixfirhy's attack. You block the sixfirhy's attack. x2
You open the sixfirhy like a pillowcase!!!!
You kill the sixfirhy!
You see here a +0 club.
There is a staircase leading out of the dungeon here.
You have escaped!

###.................(....###
##...##.####.####.####.##...##
#..###...##...##...##...###..#
#.## #.⌠.##.⌠.##.⌠.##.⌠.# ##.#
#.####...##...##...##...####.#
#...###.####.####.####.###...#
#.⌠.###.####.####.####.###.⌠.#
#............................#
####.##.........@..........##.##
#.#...)........................#
#.#.⌠.###.####.####.####.###.⌠.#
#.#...###.####.####.####.###...#
..$........##...##...##...####†#
..#.####.⌠.##.⌠.##.⌠.##.⌠.# ##.#
..#..###...##...##...##...###..#
..##....#.####.####.####.##...##
#.####......................###


There were no monsters in sight!

Vanquished Creatures
  3 ancient liches
  A juggernaut (Depths:4)
  Mennas (Depths:4)
  Mara (Elf:3)
  Boris (Crypt:2)
  Sojobo (Depths:1)
  Josephina (Crypt:2)
  Saint Roka (Vaults:4)
  Margery (Crypt:1)
  A curse toe (Zot:2)
  6 golden dragons
  Nikola (Vaults:3)
  A bone dragon (Abyss:4)
  3 electric golems
  9 tentacled monstrosities
  An Ice Fiend (Zot:1)
  Zenata (Crypt:2)
  A quicksilver dragon (Zot:3)
  A shard shrike skeleton (Crypt:1)
  3 liches
  3 titans
  5 Orb Guardians (Zot:5)
  Asterion (Snake:2)
  6 sphinxes
  A deep elf blademaster (Elf:3)
  A deep elf master archer (Elf:3)
  2 tentacled starspawn (Abyss:4)
  2 krakens
  2 ancient champions
  2 death cobs (Zot:1)
  6 tengu reavers
  6 storm dragons
  12 shadow dragons
  10 draconian monks (Zot:1)
  2 revenants
  Ilsuiw (Shoals:3)
  4 frost giants
  3 nagarajas (Snake:4)
  6 fire giants
  3 iron dragons
  10 vault wardens
  2 draconian scorchers
  A draconian shifter (Depths:4)
  7 deep elf sorcerers
  6 ghouls
  2 balrugs
  A ghost moth (Zot:3)
  2 cacodemons
  2 spriggan defenders (Depths:1)
  5 deep elf elementalists
  An ophan (Abyss:4)
  A reaper (IceCv)
  17 very ugly things
  2 draconian annihilators
  5 orc warlords
  A juggernaut skeleton (Crypt:1)
  13 ironbound preservers
  11 stone giants
  12 ironbound thunderhulks
  6 war gargoyles
  2 vampire knights
  A green draconian (Zot:1)
  6 black draconians
  5 deep elf demonologists
  3 purple draconians
  Azrael (Snake:2)
  2 red draconians
  18 dire elephants
  5 white draconians
  5 deep elf annihilators
  4 yellow draconians
  A minotaur (Gauntlet)
  5 spark wasps
  An eidolon (Crypt:2)
  3 deep elf death magi
  Snorg (D:10)
  A fire dragon (shapeshifter) (Vaults:4)
  7 ettins
  14 merfolk impalers
  7 merfolk javelineers
  14 crystal guardians
  2 deep elf high priests (Elf:3)
  5 fire dragons
  6 jiangshi
  9 great orbs of eyes
  2 entropy weavers (Vaults:1)
  11 yaktaur captains
  3 rakshasas
  A salamander tyrant (Snake:4)
  8 peacekeepers
  34 vault guards
  A catoblepas (Lair:4)
  9 ice dragons
  6 merfolk avatars
  11 hydras
  13 ironbound frosthearts
  Erica (Lair:2)
  2 juggernaut simulacra (Crypt:2)
  5 merfolk aquamancers
  5 death knights
  4 ogre magi
  A spriggan air mage (Depths:1)
  14 two-headed ogres
  An alligator snapping turtle (Shoals:4)
  35 dancing weapons
  14 centaur warriors
  6 anacondas
  4 satyrs
  A two-headed ogre (shapeshifter) (Vaults:5)
  16 naga warriors
  A boulder beetle (D:11)
  8 tengu warriors
  6 hell hogs
  4 orc high priests
  11 deep troll earth magi
  2 vampire magi
  A thrashing horror (Abyss:4)
  9 deep troll shamans
  2 spriggan berserkers (Depths:4)
  8 shock serpents
  Urug (Lair:1)
  A soul eater (Crypt:1)
  5 sun demons
  13 deep elf knights
  Nergalle (Orc:2)
  7 naga sharpshooters
  4 sixfirhies
  Amaemon (Lair:1)
  15 hell knights
  8 iron trolls
  4 salamander mystics
  4 wretched stars
  8 skeletal warriors
  20 sea snakes
  2 shadow wraiths
  2 swamp dragons (Abyss:4)
  3 bog bodies
  A flayed ghost (Depths:4)
  2 glowing orange brains
  2 orange crystal statues
  15 deep elf archers
  7 lindwurms
  A kraken simulacrum (Shoals:4)
  7 wizards
  56 deep trolls
  2 steelbarb worms (shapeshifter)
  12 ironbound convokers
  9 phantasmal warriors
  18 deep elf zephyrmancers
  3 naga ritualists
  A bunyip skeleton (Crypt:2)
  25 harpies
  7 large abominations
  3 oklob plants
  19 orc knights
  A wolf spider (D:15)
  42 ugly things
  5 necromancers
  18 deep elf pyromancers
  17 cyclopes
  9 fauns
  A worldbinder (Abyss:4)
  15 salamanders
  5 orc sorcerers
  6 mana vipers
  12 moths of wrath
  16 elephants
  A moth of wrath (shapeshifter) (Depths:1)
  17 manticores
  12 merfolk sirens
  2 ice statues (IceCv)
  5 guardian serpents (Snake:4)
  A dire elephant zombie (Crypt:2)
  12 naga magi
  4 molten gargoyles (WizLab)
  A black mamba (shapeshifter) (Elf:3)
  6 smoke demons
  17 vault sentinels
  11 orange demons
  2 torpor snails
  34 black mambas
  2 unseen horrors
  7 gargoyles
  2 apocalypse crabs
  6 water nymphs
  An unseen horror (shapeshifter) (D:14)
  8 rime drakes
  12 cane toads
  A kobold demonologist (D:7)
  A grey draconian zombie (Crypt:1)
  6 freezing wraiths
  5 komodo dragons
  3 efreet
  A rime drake (shapeshifter) (D:14)
  3 tengu conjurers
  An orb spider zombie (Crypt:1)
  27 yaktaurs
  A komodo dragon (shapeshifter) (Depths:3)
  10 ice devils
  5 guardian mummies (Crypt:1)
  A silent spectre (Abyss:4)
  41 merfolk
  2 ancient zymes
  2 polar bears (shapeshifter)
  2 queen bees
  3 meliai (D:14)
  A sea snake skeleton (Crypt:2)
  7 trolls
  A tyrant leech (D:10)
  5 hellwings
  10 wind drakes
  A mana viper skeleton (Crypt:1)
  2 polar bears (Lair:5)
  4 hornets
  24 blink frogs
  A harpy skeleton (Abyss:4)
  2 raiju
  10 snapping turtles
  A dream sheep (shapeshifter) (Vaults:5)
  8 dream sheep
  An iron dragon simulacrum (Crypt:2)
  29 slime creatures
  A spriggan (shapeshifter) (D:14)
  2 shadows
  5 flying skulls (Crypt:1)
  A vampire (Abyss:4)
  3 spriggans
  3 air elementals
  4 wyverns
  18 water elementals
  15 fire elementals
  11 wraiths
  44 yaks
  A fire dragon skeleton (Crypt:1)
  3 ynoxinuls
  2 humans (Vaults:1)
  3 basilisks
  2 chaos spawn
  5 redbacks (Vaults:1)
  5 steam dragons
  3 death yak simulacra (IceCv)
  4 vampire mosquitoes
  Menkaure (D:7)
  3 swamp worms (D:10)
  5 wargs
  31 nagas
  4 hell hounds
  6 small abominations
  2 acid dragons
  2 hydra simulacra
  9 water moccasins
  3 sky beasts (D:7)
  4 black bears
  An ice beast (D:8)
  13 ogres
  43 orc warriors
  16 wolves
  A boggart (D:14)
  18 centaurs
  A fire crab zombie (Crypt:1)
  2 phantoms
  8 kobold brigands
  12 bullfrogs
  4 earth elementals
  A cyclops zombie (Crypt:2)
  2 scorpions
  2 gnoll sergeants (D:7)
  3 necrophages
  A salamander skeleton (Crypt:2)
  4 two-headed ogre simulacra (IceCv)
  A cane toad simulacrum (IceCv)
  A demonspawn simulacrum (Crypt:2)
  9 wights
  66 killer bees
  A raiju zombie (Crypt:1)
  2 electric eels
  2 howler monkeys
  6 hounds
  2 human zombies
  A jelly (D:5)
  2 gnoll boudas
  31 orc priests
  14 starcursed masses (Abyss:4)
  Jessica (D:2)
  A human skeleton (Crypt:1)
  2 iguanas
  31 orc wizards
  3 lightning spires
  4 hell rats (D:10)
  2 troll simulacra (IceCv)
  2 polar bear simulacra (IceCv)
  4 spriggan simulacra
  A wolf simulacrum (IceCv)
  2 hound skeletons
  9 mummies
  16 gnolls
  4 naga simulacra
  12 adders
  5 river rats
  A shadow imp (D:7)
  A steam dragon skeleton (Crypt:1)
  3 white imps
  2 ufetubi
  2 worms (D:2)
  83 orcs
  7 bats
  7 endoplasms
  4 giant cockroaches
  A hobgoblin (D:2)
  9 jackals
  24 kobolds
  3 quokkas
  8 ball pythons
  11 frilled lizards
  8 goblins
  A hobgoblin zombie (Ossuary)
  6 kobold zombies (Ossuary)
  5 rats
  3 bushes (D:15)
  A plant (Depths:1)
  6 starspawn tentacles (Abyss:4)
  4 tentacles
2207 creatures vanquished.

Vanquished Creatures (collateral kills)
  3 ancient liches (Zot:5)
  A Killer Klown (Zot:5)
  A golden dragon (Zot:5)
  An electric golem (Zot:5)
  2 tentacled monstrosities
  8 Orb Guardians (Zot:5)
  A walking divine tome (Abyss:4)
  A sphinx (Vaults:5)
  3 tengu reavers
  3 storm dragons (Vaults:5)
  3 shadow dragons
  A nagaraja (Abyss:4)
  A draconian knight (Zot:4)
  2 fire giants (Vaults:5)
  A vault warden (Vaults:5)
  A frost giant (Vaults:5)
  An ironbound preserver (Vaults:5)
  A draconian annihilator (Zot:3)
  A stone giant (Vaults:5)
  A very ugly thing (Vaults:5)
  2 green draconians
  3 purple draconians
  2 red draconians
  2 yellow draconians
  3 white draconians
  A vault guard (Vaults:5)
  A deep troll earth mage (Vaults:5)
  A death yak (shapeshifter) (Vaults:5)
  A shadow wraith (Vaults:5)
  2 phantasmal warriors (Vaults:5)
  A necromancer (Vaults:5)
  4 moths of wrath
  An orc (Vaults:5)
61 creatures vanquished.

Vanquished Creatures (others)
  An orb of fire (Zot:5)
  A tentacled monstrosity (Zot:5)
  7 Orb Guardians (Zot:5)
  A titan (Vaults:5)
  2 death cobs
  2 tengu reavers (Vaults:5)
  A frost giant (Depths:4)
  A nagaraja (Snake:4)
  A fire giant (Vaults:5)
  A draconian shifter (Zot:5)
  Aizul (Snake:4)
  2 stone giants (Vaults:5)
  Nessos (D:15)
  2 green draconians (Zot:4)
  A black draconian (Zot:3)
  4 red draconians
  2 white draconians (Zot:3)
  3 yaktaur captains (Vaults:5)
  An ogre mage (Vaults:5)
  A deep troll earth mage (Vaults:5)
  A hell knight (Vaults:5)
  2 moths of wrath
  An apocalypse crab (Abyss:4)
  A hornet (Vaults:5)
  A water elemental (Shoals:1)
  A harpy simulacrum (Crypt:2)
  An orc warrior (Vaults:3)
  2 orc priests
  5 orcs (Vaults:5)
  A kobold (D:9)
  15 demonic plants (Gauntlet)
  11 fungi
  2 lurking horrors (Abyss:4)
  187 plants
  20 tentacles
287 creatures vanquished.

Grand Total: 2555 creatures vanquished

Notes
Turn   | Place    | Note
-------+----------+-------------------------------------------
     0 | D:1      | screamidelica the Minotaur Fighter began the quest for the
                  | Orb.
     0 | D:1      | Reached XP level 1. HP: 19/19 MP: 0/0
   153 | D:1      | Reached skill level 3 in Axes
   153 | D:1      | Reached XP level 2. HP: 27/27 MP: 1/1
   673 | D:2      | Noticed Jessica
   679 | D:2      | Killed Jessica
   680 | D:2      | Reached XP level 3. HP: 22/33 MP: 2/2
   834 | D:2      | Reached skill level 4 in Axes
   837 | D:2      | Reached XP level 4. HP: 31/41 MP: 3/3
  1000 | D:2      | Found a faded altar of an unknown god.
  1010 | D:2      | Prayed at the altar of an unknown god.
  1010 | D:2      | Became a worshipper of Gozag Ym Sagoz the Greedy
  1360 | D:2      | Found Gonwae's Antique Armour Shoppe.
  1614 | D:2      | Found Woublate's Armour Shop.
  1876 | D:2      | Reached skill level 5 in Axes
  1876 | D:2      | Reached XP level 5. HP: 4/45 MP: 4/4
  1877 | D:2      | Reached skill level 5 in Fighting
  1877 | D:2      | Reached skill level 5 in Shields
  2925 | D:2      | Reached XP level 6. HP: 40/55 MP: 5/5
  3047 | D:3      | Reached skill level 6 in Axes
  3099 | D:3      | You fall into a shaft and drop 2 floors!
  3099 | D:5      | Entered Level 5 of the Dungeon
  3136 | D:5      | Reached skill level 7 in Axes
  3136 | D:5      | Reached XP level 7. HP: 13/62 MP: 6/6
  3697 | D:5      | Reached skill level 8 in Axes
  4272 | D:4      | Found a glowing drain.
  4276 | Sewer    | Entered a sewer
  4424 | Sewer    | Reached skill level 9 in Axes
  4424 | Sewer    | Reached XP level 8. HP: 67/73 MP: 7/7
  5567 | D:4      | Reached skill level 10 in Axes
  5723 | D:4      | Found a shimmering altar of Xom.
  5726 | D:4      | Found a stormy altar of Qazlal.
  6300 | D:6      | Found a sand-covered staircase.
  6305 | Ossuary  | Entered an ossuary
  6570 | D:6      | Found a staircase to the Ecumenical Temple.
  6656 | D:6      | Reached skill level 10 in Fighting
  6659 | D:6      | Reached skill level 1 in Dodging
  6679 | D:6      | Reached XP level 9. HP: 79/85 MP: 8/8
  7496 | D:7      | Reached skill level 11 in Axes
  8203 | D:7      | Reached skill level 5 in Dodging
  8203 | D:7      | Found a shadowy altar of Dithmenos.
  8205 | D:7      | Found a shimmering altar of Xom.
  8325 | D:2      | Bought the +10 tower shield of Ignorance {rN+ Int-4} for
                  | 1432 gold pieces
  8325 | D:2      | Found the +10 tower shield of Ignorance {rN+ Int-4}
  8467 | D:7      | Noticed Menkaure
  8471 | D:7      | Killed Menkaure
  8871 | D:7      | Found a radiant altar of Vehumet.
  8871 | D:7      | Found a bloodstained altar of Trog.
  8889 | D:7      | Reached skill level 12 in Axes
  8972 | D:7      | Noticed a troll
  8974 | D:7      | Noticed a gargoyle
  8978 | D:7      | Reached XP level 10. HP: 92/93 MP: 9/9
  8980 | D:7      | Noticed a gargoyle
  8987 | D:7      | Killed a gargoyle
  8989 | D:7      | Noticed a two-headed ogre
  8995 | D:7      | Killed a two-headed ogre
  8996 | D:7      | Reached skill level 13 in Axes
  9003 | D:7      | Killed a gargoyle
  9007 | D:7      | Noticed a cyclops
  9015 | D:7      | Killed a cyclops
  9016 | D:7      | Reached skill level 14 in Axes
  9026 | D:7      | Identified the +5 great mace "Xakidon" {venom, Int+4}
  9034 | D:7      | Noticed a soul eater
  9068 | D:7      | Noticed a sixfirhy
  9387 | D:7      | Identified the +1 chain mail "Veyfusal" {rElec rPois rF+++
                  | Will-}
  9640 | D:8      | Found a burning altar of Makhleb.
  9714 | D:8      | Reached skill level 1 in Evocations
  9811 | D:8      | Reached XP level 11. HP: 52/99 MP: 10/10
  9977 | D:8      | Reached skill level 15 in Axes
 10237 | D:8      | Identified the +1 ring mail of Fedhas's Condemnation {rF+
                  | Stlth+}
 11362 | D:9      | Found a staircase to the Orcish Mines.
 11535 | D:9      | Found a hazy altar of Hepliaklqana.
 11635 | D:10     | Entered Level 10 of the Dungeon
 11685 | D:10     | Noticed Snorg
 11699 | D:10     | Killed Snorg
 11700 | D:10     | Reached skill level 16 in Axes
 11871 | D:10     | Reached skill level 10 in Shields
 11880 | D:10     | Found a staircase to the Lair.
 12067 | D:10     | Noticed a two-headed ogre
 12080 | D:10     | Killed a two-headed ogre
 12081 | D:10     | Reached skill level 5 in Evocations
 12082 | D:10     | Noticed a two-headed ogre
 12088 | D:10     | Killed a two-headed ogre
 12311 | D:10     | Found Reeplutu's Weapon Shop.
 12726 | D:10     | Reached XP level 12. HP: 110/110 MP: 11/11
 12761 | D:10     | Noticed a two-headed ogre
 12769 | D:10     | Killed a two-headed ogre
 13023 | Lair:1   | Entered Level 1 of the Lair of Beasts
 13347 | Lair:1   | Identified a scroll of acquirement
 13347 | Lair:1   | Acquired a +3 heavy broad axe
 13609 | Lair:1   | Noticed Amaemon
 13621 | Lair:1   | Killed Amaemon
 13679 | Lair:1   | Noticed Urug
 13689 | Lair:1   | Killed Urug
 14098 | Lair:2   | Found a staircase to the Snake Pit.
 14170 | Lair:2   | Reached skill level 1 in Throwing
 14944 | Lair:2   | Noticed Erica
 14951 | Lair:2   | Killed Erica
 15164 | Lair:3   | Reached skill level 5 in Throwing
 15682 | Lair:3   | Found a staircase to the Shoals.
 15716 | Lair:3   | Reached XP level 13. HP: 74/118 MP: 12/12
 16219 | Lair:3   | Identified the +1 scale mail of the Endless Expanse {rElec
                  | Will- Slay+2}
 16543 | Lair:4   | Found a viscous altar of Jiyva.
 16545 | Lair:4   | Found a staircase to the Slime Pits.
 16869 | Lair:4   | Reached skill level 10 in Throwing
 17123 | Lair:4   | Reached skill level 17 in Axes
 17523 | Lair:4   | Found a blossoming altar of Fedhas.
 17954 | Lair:5   | Entered Level 5 of the Lair of Beasts
 19215 | Lair:5   | Upgraded the game from 0.30-a0-728-gc68057be0a to
                  | 0.30-a0-737-gf23d94013f
 19222 | Lair:5   | Reached skill level 18 in Axes
 19317 | Lair:5   | Reached XP level 14. HP: 112/129 MP: 13/13
 19995 | Lair:5   | Reached skill level 5 in Armour
 19995 | Lair:5   | Reached XP level 15. HP: 137/137 MP: 14/14
 20220 | Lair:5   | Reached skill level 15 in Shields
 20271 | Lair:5   | Found a burning altar of Makhleb.
 20519 | Lair:5   | Found a gateway to Hell.
 21044 | Orc:1    | Entered Level 1 of the Orcish Mines
 21705 | Orc:2    | Entered Level 2 of the Orcish Mines
 21912 | Orc:2    | Found a staircase to the Elven Halls.
 21957 | Orc:2    | Noticed Nergalle
 21967 | Orc:2    | Killed Nergalle
 22471 | Orc:2    | Reached skill level 15 in Fighting
 23290 | Orc:2    | Found Wismycau's Book Emporium.
 23391 | Orc:2    | Found Rokal's Antique Weapon Emporium.
 23592 | Orc:2    | Found a transporter.
 23643 | Orc:2    | Noticed Pooter's ghost (journeyman MiFi)
 23725 | Orc:2    | Found a transporter.
 24054 | Orc:2    | Found Gecias's General Store.
 24088 | Orc:2    | Found Urghilem's Antique Armour Emporium.
 24113 | Orc:2    | Bought a potion of might for 48 gold pieces
 24113 | Orc:2    | Bought a +1 pair of boots of flying for 198 gold pieces
 25216 | D:11     | Found Jomic's Magic Scroll Emporium.
 25248 | D:11     | Bought a scroll of poison for 48 gold pieces
 25248 | D:11     | Bought a scroll of magic mapping for 90 gold pieces
 25248 | D:11     | Bought a scroll of fear for 48 gold pieces
 25248 | D:11     | Bought a scroll of magic mapping for 90 gold pieces
 25248 | D:11     | Bought a scroll of enchant weapon for 90 gold pieces
 25348 | Orc:2    | Bought a phantom mirror for 480 gold pieces
 26036 | D:11     | Found Eegaxadut's Eclectic Emporium.
 26044 | D:11     | Bought a potion of experience for 600 gold pieces
 26044 | D:11     | Bought a manual of Evocations for 960 gold pieces
 26046 | D:11     | Reached XP level 16. HP: 149/149 MP: 15/15
 26556 | D:12     | Found a frozen archway.
 26567 | IceCv    | Entered an ice cave
 26717 | IceCv    | Reached skill level 10 in Evocations
 27149 | IceCv    | HP: 1/149 [reaper/+1 scythe of freezing (14)]
 28483 | D:12     | Reached XP level 17. HP: 156/156 MP: 16/16
 28766 | D:12     | Found the +12 pair of quick blades "Gyre" and "Gimble"
                  | {protect}
 29211 | D:13     | Found a gate to the Vaults.
 29248 | D:13     | Reached skill level 10 in Armour
 29743 | D:14     | Found a gate leading to a gauntlet.
 29764 | Gauntlet | Entered a Gauntlet
 29764 | Gauntlet | Found a transporter.
 29764 | Gauntlet | Found a transporter.
 29764 | Gauntlet | Found a transporter.
 29767 | Gauntlet | Found a transporter.
 29768 | Gauntlet | Found a transporter.
 29768 | Gauntlet | Found a transporter.
 29783 | Gauntlet | Found a transporter.
 29787 | Gauntlet | Found a transporter.
 29787 | Gauntlet | Found a transporter.
 29788 | Gauntlet | Found a transporter.
 29800 | Gauntlet | Found a transporter.
 29801 | Gauntlet | Found a transporter.
 30023 | Gauntlet | Identified the +2 hat "Fewuf" {Harm *Slow Str+6 Dex+2}
 30026 | Gauntlet | Identified the +0 steam dragon scales "Ceucrole" {rN+}
 30078 | Gauntlet | Identified the +1 cloak of Caakh {Will++ rCorr Int+3
                  | Stlth-}
 30132 | Gauntlet | Identified the amulet "Lacanup" {Reflect Int+4 SH+5}
 30514 | D:14     | Identified the +8 trident of Comuots {spect, rC+ MP-9
                  | Str+3}
 31544 | D:14     | Reached skill level 10 in Dodging
 32288 | D:15     | Entered Level 15 of the Dungeon
 32904 | D:15     | Found a staircase to the Depths.
 33141 | D:15     | Noticed Nessos
 33148 | D:15     | Killed Nessos
 33519 | Shoals:1 | Entered Level 1 of the Shoals
 33925 | Shoals:1 | Identified the +2 short sword of the Burnt God {freeze,
                  | Fragile rC- rN+++ SInv}
 34295 | Shoals:1 | Found Higir's Mayhem Merchandise.
 34374 | Shoals:1 | Reached XP level 18. HP: 171/171 MP: 17/17
 34460 | Shoals:2 | Found Goon's Antique Armour Emporium.
 34476 | Shoals:2 | Found Vonn's General Store.
 34712 | Shoals:2 | Found Dioxoil's Antique Armour Shoppe.
 34769 | Shoals:2 | Bought a potion of experience for 650 gold pieces
 34769 | Shoals:2 | Reached XP level 19. HP: 179/179 MP: 18/18
 35595 | Shoals:2 | Found Hixaynur's Book Shoppe.
 35751 | Shoals:2 | Found Luronohy's Weapon Boutique.
 35844 | Shoals:2 | Bought a pair of scorched gloves for 209 gold pieces
 35844 | Shoals:2 | Identified the +3 pair of gloves "Etrao" {Harm Fly rC++
                  | Dex-5} (You bought it in a shop on level 2 of the Shoals)
 36116 | Shoals:3 | Found a transporter.
 36132 | Shoals:3 | Found a transporter.
 36622 | Shoals:3 | Found a glowing silver altar of Zin.
 36636 | Shoals:3 | Noticed Ilsuiw
 36671 | Shoals:3 | Killed Ilsuiw
 36895 | Shoals:3 | Identified the +5 demon blade "Avarom" {drain, Dex+3}
 36898 | Shoals:3 | Identified the +2 hat "Fappap" {Str+2}
 37377 | Shoals:4 | Entered Level 4 of the Shoals
 38539 | Shoals:4 | Identified the +3 buckler "Ruwusaut" {MP+9 Str-2 SInv}
 39321 | Shoals:4 | Got a barnacled rune of Zot
 39965 | Snake:1  | Entered Level 1 of the Snake Pit
 39995 | Snake:1  | Reached XP level 20. HP: 178/193 MP: 19/19
 40168 | Snake:1  | Found Evemast's Book Boutique.
 40853 | Snake:2  | Noticed Asterion
 40868 | Snake:2  | Killed Asterion
 41329 | Snake:2  | Noticed Azrael
 41343 | Snake:2  | Killed Azrael
 41385 | Snake:2  | Found Ywulygh's Magic Scroll Boutique.
 41405 | Snake:2  | Bought a scroll of teleportation for 45 gold pieces
 41405 | Snake:2  | Bought a scroll of magic mapping for 112 gold pieces
 43392 | Snake:4  | Entered Level 4 of the Snake Pit
 43425 | Snake:4  | Acquired 1003 gold pieces
 43430 | Snake:4  | Acquired the amulet of Hinymnof {Reflect Will+ SH+5}
 44201 | Snake:4  | Found Ashriyv's Book Shoppe.
 44221 | Snake:4  | Noticed Aizul
 44240 | Snake:4  | Killed Aizul
 44792 | Snake:4  | Reached skill level 15 in Throwing
 45489 | Snake:4  | Got a serpentine rune of Zot
 46150 | Elf:1    | Entered Level 1 of the Elven Halls
 46267 | Elf:1    | Paralysed by an air elemental for 1 turns
 46852 | Elf:1    | Reached skill level 19 in Axes
 46927 | Elf:1    | Reached XP level 21. HP: 124/201 MP: 20/20
 47586 | Elf:2    | Found Vyall's Distillery.
 47613 | Elf:2    | Bought a potion of haste for 110 gold pieces
 47613 | Elf:2    | Bought a potion of heal wounds for 55 gold pieces
 47613 | Elf:2    | Bought a potion of haste for 110 gold pieces
 47613 | Elf:2    | Bought a potion of cancellation for 88 gold pieces
 47613 | Elf:2    | Bought a potion of lignification for 33 gold pieces
 47705 | Elf:2    | Paralysed by an air elemental for 1 turns
 47710 | Elf:2    | Reached skill level 20 in Axes
 47710 | Elf:2    | Paralysed by an air elemental for 1 turns
 47797 | Elf:2    | Found a magical portal.
 47804 | WizLab   | Entered Maxwell's Workshop
 48173 | WizLab   | Identified the ring of Ciyni {Ice rPois Will- Str+9 Dex-3}
 48577 | WizLab   | Reached skill level 21 in Axes
 48841 | WizLab   | Identified the +1 ice dragon scales "Deludd" {rF- rC++
                  | Will- Dex+4}
 49188 | Elf:2    | Found a runed translucent gate.
 49188 | Elf:2    | Found a runed translucent gate.
 49188 | Elf:2    | Found a runed translucent gate.
 49230 | Elf:3    | Entered Level 3 of the Elven Halls
 49349 | Elf:3    | Noticed Mara
 49469 | Elf:3    | Noticed screamidelica's illusion
 49631 | Elf:3    | Reached skill level 22 in Axes
 49711 | Elf:3    | Noticed screamidelica's illusion
 49723 | Elf:3    | Killed Mara
 50132 | Elf:3    | Reached skill level 23 in Axes
 50707 | Elf:3    | Identified the +3 short sword "Hethuac" {venom, Fly rN+}
 51178 | Vaults:1 | Entered Level 1 of the Vaults
 51264 | Vaults:1 | Reached skill level 24 in Axes
 51663 | Vaults:1 | Reached XP level 22. HP: 171/211 MP: 21/21
 51905 | Vaults:1 | Found Yceamnel's Armour Shop.
 52181 | Vaults:1 | Found a gateway to a bazaar.
 52198 | Bazaar   | Entered a bazaar
 52198 | Bazaar   | Found Goenup's Magic Scroll Shoppe.
 52198 | Bazaar   | Found Anlaublu's General Store.
 52219 | Bazaar   | Found Meefuvack's Book Emporium.
 52227 | Bazaar   | Found Uzoud's Antique Weapon Emporium.
 52238 | Bazaar   | Found Jysatral's Antique Armour Boutique.
 52257 | Bazaar   | Bought a scroll of blinking for 105 gold pieces
 52257 | Bazaar   | Bought a scroll of teleportation for 42 gold pieces
 52257 | Bazaar   | Bought a scroll of enchant weapon for 105 gold pieces
 54200 | Vaults:2 | Found Qixikoliv's Antique Weapon Shoppe.
 54598 | Vaults:3 | Noticed Nikola
 54604 | Vaults:3 | Killed Nikola
 55068 | Vaults:3 | Found a staircase to the Crypt.
 56364 | Vaults:4 | Reached XP level 23. HP: 193/234 MP: 22/22
 56756 | Vaults:4 | Acquired 801 gold pieces
 57197 | Vaults:4 | Identified the +5 arbalest of the Dancing Visionary {drain,
                  | +Blink Fly rC+++ Str-5 Dex-5}
 57365 | Vaults:5 | Entered Level 5 of the Vaults
 57852 | Vaults:5 | Reached skill level 15 in Dodging
 58189 | Vaults:5 | Noticed Saint Roka
 58206 | Vaults:5 | Identified the +0 buckler "Gireugg" {rF+ rC+}
 58207 | Vaults:5 | Noticed a dread lich
 58632 | Vaults:4 | Killed Saint Roka
 58786 | Abyss:4  | Cast into level 4 of the Abyss (a deep elf sorcerer)
 58788 | Abyss:4  | Found a corrupted altar of Lugonu.
 58818 | Abyss:4  | Paralysed by accursed screaming for 1 turns
 58984 | Abyss:4  | Reached skill level 15 in Armour
 59092 | Abyss:4  | Found a corrupted altar of Lugonu.
 59387 | Abyss:4  | Reached XP level 24. HP: 238/242 MP: 22/22
 59450 | Abyss:4  | Got an abyssal rune of Zot
 59508 | Abyss:5  | Paralysed by an air elemental for 1 turns
 59515 | Abyss:5  | Gained mutation: You are strong-willed. (Will+) [potion of
                  | mutation]
 59515 | Abyss:5  | Gained mutation: Your flesh is heat resistant. (rF+)
                  | [potion of mutation]
 59941 | Vaults:5 | Escaped the Abyss
 60055 | Vaults:5 | Found Qeishuergh's General Store.
 60093 | Vaults:5 | Bought a potion of heal wounds for 85 gold pieces
 60093 | Vaults:5 | Bought a potion of haste for 170 gold pieces
 60219 | Vaults:5 | Identified the +4 scale mail of the Albatross {+Blink}
 60233 | Vaults:5 | Identified the +0 cloak of the Stars {Str+2}
 60366 | Vaults:5 | Noticed an ancient lich
 60376 | Vaults:5 | Killed an ancient lich
 60394 | Vaults:5 | Found the +3 Mad Mage's Maulers {Infuse+∞ VampMP -Cast}
 61213 | Vaults:5 | Identified the +2 leather armour of Wodaryu {Str+4}
 61215 | Vaults:5 | Got a silver rune of Zot
 61217 | Vaults:5 | Got the Octavo of the Welkin
 61436 | D:11     | Bought a scroll of enchant weapon for 90 gold pieces
 61980 | Depths:1 | Entered Level 1 of the Depths
 62008 | Depths:1 | Reached skill level 1 in Spellcasting
 62192 | Depths:1 | Noticed Sojobo
 62207 | Depths:1 | Killed Sojobo
 62230 | Depths:1 | Found Dioruic's General Store.
 62232 | Depths:1 | Found Udegiem's Armour Shop.
 62234 | Depths:1 | Found Eneqicvu's Antique Armour Boutique.
 62306 | Depths:1 | Found a glowing golden altar of the Shining One.
 62408 | Depths:1 | Found a one-way gate to the infinite horrors of the Abyss.
 62504 | Depths:1 | Found a blossoming altar of Fedhas.
 63999 | Depths:1 | Reached skill level 5 in Spellcasting
 64549 | Depths:2 | Found a one-way gate leading to the halls of Pandemonium.
 64674 | Depths:2 | Reached skill level 25 in Axes
 65300 | Depths:2 | Found a shimmering blue altar of Sif Muna.
 66761 | Depths:3 | Found Vexaru's Book Emporium.
 66761 | Depths:3 | Found Honn's Jewellery Boutique.
 66762 | Depths:3 | Found Ceham's Book Emporium.
 67129 | Depths:3 | Found a sacrificial altar of Ru.
 67162 | Depths:3 | Found a one-way gateway to a ziggurat.
 67329 | Depths:3 | Reached XP level 25. HP: 238/249 MP: 2/29
 67601 | Depths:4 | Entered Level 4 of the Depths
 67643 | Depths:4 | Found a gate to the Realm of Zot.
 68142 | Depths:4 | Found a stormy altar of Qazlal.
 68147 | Depths:4 | Noticed Mennas
 68171 | Depths:4 | Noticed a juggernaut
 68185 | Depths:4 | Gained mutation: You have sharp toenails. [mutagenic glow]
 68195 | Depths:4 | Gained mutation: Armour fits poorly on your strangely
                  | shaped body. [mutagenic glow]
 68207 | Depths:4 | Killed Mennas
 68218 | Depths:4 | Killed a juggernaut
 69093 | Crypt:1  | Entered Level 1 of the Crypt
 69153 | Crypt:1  | Noticed Margery
 69165 | Crypt:1  | Killed Margery
 69674 | Crypt:1  | Found the ring of the Mage {Wiz Archmagi}
 70165 | Crypt:2  | Identified the ring "Kufuxe" {Ice rPois Int+6 Dex-3}
 70165 | Crypt:2  | Noticed Josephina
 70165 | Crypt:2  | Noticed Zenata
 70165 | Crypt:2  | Noticed Boris
 71365 | Crypt:2  | Killed Josephina
 72134 | Crypt:2  | Killed Boris
 72154 | Crypt:2  | Killed Zenata
 72671 | Zot:1    | Entered Level 1 of the Realm of Zot
 73868 | Zot:1    | Noticed an ancient lich
 73878 | Zot:1    | Killed an ancient lich
 74128 | Zot:1    | Reached XP level 26. HP: 258/258 MP: 9/29
 74147 | Zot:1    | Found a stormy altar of Qazlal.
 74292 | Zot:2    | Noticed an orb of fire
 74722 | Zot:5    | Entered Level 5 of the Realm of Zot
 74981 | Zot:5    | Noticed an orb of fire
 74989 | Zot:5    | Noticed an orb of fire
 74989 | Zot:5    | Killed an ancient lich
 74992 | Zot:5    | Noticed a dread lich
 74992 | Zot:5    | Noticed a dread lich
 74994 | Zot:5    | Noticed an ancient lich
 74996 | Zot:5    | Noticed an ancient lich
 75002 | Zot:5    | Killed an ancient lich
 75005 | Zot:5    | Killed an ancient lich
 75034 | Zot:5    | Noticed an ancient lich
 75042 | Zot:5    | Killed an ancient lich
 75084 | Zot:5    | Got the Orb of Zot
 75302 | Zot:1    | Reached skill level 26 in Axes
 75691 | D:7      | Noticed Odaw Xuwi the pandemonium lord
 75748 | D:4      | Noticed Temywkuck the pandemonium lord
 75807 | D:$      | Escaped with the Orb!

Illustrated notes

Levels and vault maps discovered:
D:1:      dpeg_arrival_chambers_temple_mockup, layout_rooms
D:2:      minmay_chambers_of_twos, layout_basic, serial_shops, shop, shop,
          basic_ecumenical_altar, uniq_jessica
D:3:      layout_rooms, minmay_misc_feat_diagonals
D:4:      layout_gridville, minitemple, gup_sewer_entry_bowl
D:5:      layout_basic
D:6:      layout_basic, minmay_temple_entry_junction_2, enter_ossuary_2
D:7:      minmay_the_grid_octo_2x2 [minmay_the_grid_octo_shrine,
          minmay_the_grid_octo_empty, minmay_the_grid_octo_fat_diamond,
          minmay_the_grid_octo_prize_star], layout_cave_pools, uniq_menkaure
D:8:      layout_rooms, mainiacjoe_overflow_catwalk
D:9:      layout_long_grid, worldfamousw_hep_ancestral_shrine, orc_0_dummy,
          minmay_crystal_water
D:10:     layout_roguey [special_room_bee], erik_lair_orcish_takeover,
          serial_shops, shop, worms_lemuel, uniq_snorg
D:11:     layout_gridville, serial_shops, nicolae_shop_advertising_works
          [nicolae_subvault_shop_adworks], nicolae_alphabet_shops,
          chequers_arboretum, nrook_mini_backslash, kb_rosetta
D:12:     layout_long_grid, portal_ice_cave_rime,
          hellmonk_guarded_unrand_gyre_and_gimble
D:13:     layout_cave_pools, lightli_vaults_fourway_checkpoint,
          chequers_serial_rivers_micro_e
D:14:     regret_index_bee_streams, layout_loops_corners,
          gauntlet_entry_generic, kennysheep_just_a_vault
D:15:     hangedman_depths_entry_try_elsewhere_first, layout_basic,
          serial_park_square1 [serial_park_minivault_5x5_8], uniq_nessos
Lair:1:   layout_cave_pods, uniq_urug, uniq_amaemon
Lair:2:   layout_cave_pods, dummy_snake_entry, uniq_erica
Lair:3:   layout_hall_layers, minmay_shoals_entry_hut
Lair:4:   beast_lair_carwin_large_1, layout_hall_layers,
          minmay_slime_entry_oklob_enclosed, tgw_fedhas, serial_bayou_shore_b,
          grunt_megastairs_1
Lair:5:   evil_forest, layout_cave_pods, minmay_shattered_shrine,
          lemuel_fruit_tree
Shoals:1: cheibrodos_shoals_oceanic_diplomacy, layout_shoals, minmay_shop_mayhem
Shoals:2: layout_shoals, serial_shops, nicolae_lakefront_shop, shop,
          nicolae_shop_window_shopping, nicolae_shop_hallway_plus,
          nicolae_diamond_shop, hangedman_shoals_cup_caves
Shoals:3: gammafunk_sealed_arena, layout_shoals, lemuel_oklob_altar, uniq_ilsuiw
Shoals:4: shoals_end_grunt_ice, layout_shoals, nicolae_shoals_drake_roost
Snake:1:  layout_rooms, serial_shops, shop
Snake:2:  layout_chambers, serial_shops, nicolae_shop_statue_plus,
          nicolae_snake_gridmaze_zigzag, uniq_azrael, uniq_asterion
Snake:3:  layout_onion, serial_bayou_shore_a, nicolae_integral_box
Snake:4:  grunt_snake_rune_pools, layout_misc_corridors, serial_shops, shop,
          nicolae_snake_yet_another_twisty_hallway, uniq_aizul
Orc:1:    layout_diamond_mine, serial_shops
Orc:2:    grunt_orc_cross, layout_caves, gammafunk_ghost_stat_death,
          minmay_orc_temple_b
Elf:1:    kennysheep_spiral_hall, layout_loops_ring, evilmike_minifort,
          serial_sigils_hangedman_shear
Elf:2:    nicolae_elf_blades_crystal_corner, layout_geoelf_octagon,
          mu_enter_wizlab_6, serial_shops, shop, small_statue_intersection
Elf:3:    minmay_elf_hall_dome, layout_gridlike, corner_web_ring, minivault_28,
          uniq_mara
Vaults:1: dpeg_vaults_monster_box, ontoclasm_vaults_pinch,
          nicolae_vaults_back_hallway, v_misc_8, ontoclasm_vaults_misaligned,
          vaults_dpeg_ring, v_pattern_4, ontoclasm_vaults_gateway,
          nicolae_vaults_asterisk, grunt_vaults_funnel,
          vaults_room_stairs_pillars, layout_vaults_omnicross, serial_shops,
          bzr_entry_customers, nicolae_shop_hallway_stairs
Vaults:2: hangedman_vaults_capsules, hangedman_vaults_corner, v_rooms_5,
          hangedman_vaults_stitches, v_misc_14, v_misc_29,
          ontoclasm_vaults_decontamination, nicolae_vaults_specimen_jars,
          layout_vaults_omnigrid, serial_shops, nicolae_shop_crystal
Vaults:3: nicolae_vaults_mini_display_case, vaults_room_boxed,
          grunt_vaults_diagonal, blue_anna_dwarven_crypt,
          hangedman_vaults_stream, vaults_dpeg_hooks,
          nicolae_vaults_network_quinsquares
          [nicolae_vaults_network_quincunx_subvault,
          nicolae_vaults_network_quincunx_subvault,
          nicolae_vaults_network_quincunx_subvault,
          nicolae_vaults_network_quincunx_subvault], grunt_vaults_bifocal,
          v_pattern_1, v_misc_5, special_room_vaults [special_room_orc],
          vaults_mumra_lcd, vaults_dpeg_encased_lava, layout_vaults_ring,
          uniq_nikola
Vaults:4: hangedman_vaults_impose, v_misc_25, v_misc_27, st_lines,
          vaults_dpeg_cross, hangedman_vaults_corner_blocks, vaults_room_pool,
          vaults_room_corners, nicolae_vaults_rhombus_5, v_misc_4, v_misc_5,
          nicolae_vaults_yaktaur_gun_rack, v_misc_19, grunt_vaults_swirl,
          layout_vaults_maze
Vaults:5: uniq_saint_roka
Crypt:1:  layout_gridlike, grunt_crypt_arrival_guarded_gate, uniq_margery
Crypt:2:  layout_catacombs, grunt_ministairs_10, st_stairs_5, uniq_josephina,
          uniq_zenata, uniq_boris
Depths:1: layout_gridlike, grunt_hell_entry_dis_grunt, abyss_entry_glasseish,
          lemuel_doored_altar, tso_altar, minmay_shop_star, uniq_sojobo
Depths:2: minmay_crystal_thing, layout_cave_pools,
          pf_vacation_house_of_asmodeus, rand_demon_pan_entry_5,
          serial_column_ruins, column_ruins_portal_astroid,
          column_ruins_columns_straight, column_ruins_columns_plus,
          column_ruins_open_medium, column_ruins_corridor_straight,
          hangedman_abyss_entry_splay, serial_bayou_shore_b
Depths:3: nicolae_cairo_tiling_large, layout_twisted_cross, enter_ziggurat_e,
          lightli_too_deep, abyss_entry, nicolae_ru_path_of_blood,
          infiniplex_staircase_split_hallway, minmay_shop_grove
Depths:4: grunt_zot_entry_pinwheel, layout_small_grid, hell_entry,
          grunt_qazlal_sundering, uniq_mennas
Zot:1:    regret_index_qazlal_generations, layout_misc_corridors
Zot:2:    circus_mu, layout_misc_corridors, lemuel_lake_of_fire
Zot:3:    nicolae_moth_party, layout_basic
Zot:4:    layout_gridville
Zot:5:    layout_basic

Skill      XL: |  1  2  3  4  5  6  7  8  9 10 11 12 13 14 15 16 17 18 19 20 21 22 23 24 25 26 |
---------------+-------------------------------------------------------------------------------+-----
Axes           | 3 4 5 7 9 10 12 14 16 18 19 24 25 26 | 26.0
Fighting       | 4 5 7 10 11 12 13 15 17 18 20 25 | 25.6
Shields        | 4 5 6 8 11 12 13 14 15 19 20 24 25 | 25.6
Dodging        | 1 5 6 10 15 | 15.0
Evocations     | 1 5 9 12 14 | 14.1
Throwing       | 8 10 11 16 17 20 | 20.0
Armour         | 5 7 10 15 18 | 18.0
Spellcasting   | 5 |  5.0

Action                     |  1- 3 |  4- 6 |  7- 9 | 10-12 | 13-15 | 16-18 | 19-21 | 22-24 | 25-27 || total
---------------------------+-------+-------+-------+-------+-------+-------+-------+-------+-------++-------
  Melee: War axe           |    45 |   129 |   365 |   400 |       |       |       |       |       ||   939
         Headbutt          |     6 |    16 |    43 |    97 |   129 |   105 |   327 |   402 |   174 ||  1299
         Broad axe         |       |       |       |   135 |   537 |   487 |  1365 |  1224 |   577 ||  4325
  Throw: Dart              |       |       |     1 |     7 |       |       |       |       |       ||     8
         Javelin           |       |       |       |     2 |     8 |     3 |       |       |       ||    13
         Boomerang         |       |       |       |       |    30 |    66 |    59 |    34 |    52 ||   241
 Invoke: Potion Petition   |       |       |       |       |       |     1 |     2 |     6 |     1 ||    10
         Bribe Branch      |       |       |       |       |       |       |       |     2 |     3 ||     5
  Evoke: Wand              |       |       |     1 |       |    14 |     2 |     7 |       |     2 ||    26
         Condenser vane    |       |       |       |       |     1 |     2 |     3 |     1 |     1 ||     8
         Box of beasts     |       |       |       |       |       |       |     2 |     1 |       ||     3
         Phial of floods   |       |       |       |       |       |       |       |     1 |       ||     1
    Use: Potion            |       |     3 |     6 |     1 |     4 |     3 |     1 |     6 |     8 ||    32
         Scroll            |       |     7 |     7 |    10 |     9 |     9 |     3 |    15 |     9 ||    69
   Stab: Distracted        |       |       |     1 |     3 |       |     5 |     8 |    16 |     9 ||    42
         Invisible         |       |       |       |       |       |     7 |       |     9 |       ||    16
         Paralysed         |       |       |       |       |       |       |       |     2 |       ||     2
 Armour: Scale mail        |    19 |    61 |    11 |       |       |       |       |       |       ||    91
         Plate armour      |       |       |   193 |    34 |       |       |       |       |       ||   227
         Ring mail         |       |       |       |    64 |       |       |       |       |       ||    64
         Chain mail        |       |       |       |    48 |   218 |   157 |   281 |   337 |   134 ||  1175
  Dodge: Dodged            |    29 |    64 |    95 |   104 |   114 |   111 |   248 |   304 |   143 ||  1212
  Block: Buckler           |    12 |    33 |    58 |       |       |       |       |       |       ||   103
         Tower shield      |       |       |    38 |   692 |   791 |   766 |  2073 |  1703 |   751 ||  6814
         Reflection        |       |       |       |       |       |    42 |   270 |    85 |     5 ||   402

Table legend: (Time is in decaauts)
 A = Elapsed time spent in this place.
 B = Non-inter-level travel time spent in this place.
 C = Inter-level travel time spent in this place.
 D = Time resting spent in this place.
 E = Time spent auto-exploring this place.
 F = Levels seen in this place.
 G = Mean time per level.
                   A        B        C        D        E       F      G
               +--------+--------+--------+--------+--------+-----+--------+
         Total |  76325 |  64220 |  12105 |  21686 |  18285 |  57 | 1339.0 |
       Dungeon |  20399 |  17998 |   2401 |   5062 |   8745 |  15 | 1359.9 |
          Lair |   8558 |   7454 |   1104 |   2179 |   3648 |   5 | 1711.6 |
        Shoals |   6669 |   5559 |   1110 |   2176 |    521 |   4 | 1667.2 |
     Snake Pit |   5881 |   3578 |   2303 |   1225 |    315 |   4 | 1470.2 |
  Orcish Mines |   3484 |   2636 |    848 |   1412 |      0 |   2 | 1742.0 |
   Elven Halls |   3806 |   2808 |    998 |    895 |      0 |   3 | 1268.7 |
        Vaults |   9395 |   7054 |   2341 |   2222 |   1417 |   5 | 1879.0 |
         Crypt |   2731 |   2576 |    155 |   1630 |      0 |   2 | 1365.5 |
        Depths |   7070 |   6345 |    725 |   1512 |   2906 |   4 | 1767.5 |
           Zot |   2653 |   2536 |    117 |   1096 |      0 |   5 |  530.6 |
         Abyss |   1160 |   1160 |      0 |    523 |      0 |   2 |  580.0 |
        Bazaar |     88 |     88 |      0 |      0 |      0 |   1 |   88.0 |
         Sewer |   1069 |   1069 |      0 |    142 |    659 |   1 | 1069.0 |
       Ossuary |    227 |    227 |      0 |      0 |     47 |   1 |  227.0 |
      Ice Cave |   1453 |   1453 |      0 |    978 |      0 |   1 | 1453.0 |
        Wizlab |   1170 |   1170 |      0 |    564 |     27 |   1 | 1170.0 |
      Gauntlet |    507 |    507 |      0 |     68 |      0 |   1 |  507.0 |
               +--------+--------+--------+--------+--------+-----+--------+

Top non-repeatable levels by time:
  Lair:5: 2985 daAuts
Vaults:4: 2501 daAuts
     D:2: 2468 daAuts
Shoals:3: 2430 daAuts
Depths:1: 2368 daAuts
 Snake:4: 2268 daAuts
 Crypt:1: 2234 daAuts
Vaults:3: 2040 daAuts
    D:10: 2005 daAuts
     D:9: 1954 daAuts
Vaults:2: 1930 daAuts
   Orc:2: 1895 daAuts
     D:7: 1845 daAuts
Depths:3: 1779 daAuts
   Zot:1: 1747 daAuts
